 Dungeon Crawl Stone Soup version 0.21.1-1-g345015f (webtiles) character file.

30 tyranidshit the Skirmisher (level 3, -2/30 HPs)
             Began as a Demonspawn Abyssal Knight on July 25, 2018.
             Was a Follower of Lugonu.
             Killed from afar by a dart slug (5 damage)
             ... with a slug dart
             ... on level 2 of the Dungeon.
             The game lasted 00:03:35 (828 turns).

tyranidshit the Skirmisher (DsAK)                    Turns: 828, Time: 00:03:35

Health: -2/30      AC:  3    Str: 13 (17) XL:     3   Next: 3%
Magic:  4/4        EV: 11    Int: 17 (18) God:    Lugonu [*.....]
Gold:   35         SH:  0    Dex: 14      Spells: 2/2 levels left

rFire    . . .     SeeInvis .   a - +1 hand axe
rCold    . . .     Gourm    .   (no shield)
rNeg     . . .     Faith    .   b - +0 leather armour
rPois    .         Spirit   .   (no helmet)
rElec    .         Reflect  .   (no cloak)
rCorr    .         Harm     .   (no gloves)
MR       .....                  (no boots)
Stlth    ++........             (no amulet)
HPRegen  0.10/turn              (no ring)
MPRegen  0.09/turn              (no ring)

@: brilliant
A: thin skeletal structure 1, deterioration 2, powered by pain 1, strong 2
a: Depart the Abyss, Renounce Religion


You were on level 2 of the Dungeon.
You worshipped Lugonu.
Lugonu was aware of your devotion.
You were not hungry.

You visited 1 branch of the dungeon, and saw 2 of its levels.
You visited the Abyss 1 time.

You collected 35 gold pieces.

Inventory:

Hand Weapons
 a - a +1 hand axe (weapon)
Armour
 b - a +0 leather armour (worn)
Scrolls
 d - a scroll of identify
Comestibles
 c - 3 rations


   Skills:
 + Level 4.2 Fighting
 - Level 1.7 Axes
 - Level 1.7 Armour
 - Level 0.8 Dodging
 - Level 2.4 Invocations


You had 2 spell levels left.
You didn't know any spells.

Dungeon Overview and Level Annotations

Branches:
Dungeon (2/15)

Altars:


Innate Abilities, Weirdness & Mutations

You have a somewhat thin skeletal structure. (Dex +2, Stealth)
You sometimes gain a little power by taking damage.
Your body often deteriorates upon taking damage.
Your muscles are very strong. (Str +4)


Message History

The worm is severely wounded.
The worm bites you.
* * * LOW HITPOINT WARNING * * *
A dart slug comes into view.
You hit the worm.
The worm is almost dead.
You slash the worm!
You kill the worm!
Lugonu accepts your kill.
You have reached level 3!
Your experience leads to an increase in your attributes!
Your base attributes are Str 12, Int 13, Dex 14.
Increase (S)trength, (I)ntelligence, or (D)exterity?
You feel stronger.
Your demonic ancestry asserts itself...
You feel energised by your suffering. The dart slug launches a dart at you.
The slug dart misses you. The dart slug launches a dart at you.
The slug dart hits you!
You die...

## #.. ...... . #..
...... #.#.# ..... .#.##
#...## ... ###..... #w#
#......# #.# #.#....###
#.#######.#.......
.#.###@†.......#....##.
.........#####..####.##.
#.#.####.# ##.......##.
#.##....########.
#.##.#..# #....
#.##.#..# #.##.
#.......# #.##.
####.#.######.##.
#...........##.


You could see a dart slug.

Vanquished Creatures
  A worm (D:2)
  A dart slug (D:1)
  5 bats
  2 giant cockroaches
  A goblin (D:1)
  4 hobgoblins (D:1)
  3 kobolds
  2 frilled lizards
  5 rats
24 creatures vanquished.

Notes
Turn   | Place    | Note
-------+----------+-------------------------------------------
     0 | Abyss:1  | tyranidshit the Demonspawn Abyssal Knight began the quest for the Orb.
     0 | Abyss:1  | Reached XP level 1. HP: 18/18 MP: 2/2
    38 | Abyss:2  | Found a corrupted altar of Lugonu.
    78 | Abyss:2  | Noticed a blizzard demon
    82 | Abyss:2  | Noticed a neqoxec
    83 | D:1      | Escaped the Abyss
    85 | D:1      | Gained mutation: Your body sometimes deteriorates upon taking damage. [potion of mutation]
    85 | D:1      | Gained mutation: Potions are less effective at restoring your health. [potion of mutation]
    85 | D:1      | Gained mutation: You possess an exceptional clarity of mind. [potion of mutation]
    85 | D:1      | Gained mutation: You have a somewhat thin skeletal structure. (Dex +2, Stealth) [potion of mutation]
   209 | D:1      | Mutation became permanent: You have a somewhat thin skeletal structure. (Dex +2, Stealth) [demonic ancestry]
   209 | D:1      | Gained mutation: You have a somewhat thin skeletal structure. (Dex +2, Stealth) [demonic ancestry]
   209 | D:1      | Reached XP level 2. HP: 18/24 MP: 3/3
   307 | D:1      | Lost mutation: Your body sometimes deteriorates upon taking damage. [potion of mutation]
   307 | D:1      | Lost mutation: You possess an exceptional clarity of mind. [potion of mutation]
   307 | D:1      | Lost mutation: Potions are less effective at restoring your health. [potion of mutation]
   307 | D:1      | Gained mutation: Your muscles are strong. (Str +2) [potion of mutation]
   307 | D:1      | Gained mutation: Your body sometimes deteriorates upon taking damage. [potion of mutation]
   307 | D:1      | Gained mutation: Your body often deteriorates upon taking damage. [potion of mutation]
   307 | D:1      | Gained mutation: Your muscles are very strong. (Str +4) [potion of mutation]
   618 | D:2      | Reached skill level 4 in Fighting
   695 | D:2      | Reached * piety under Lugonu
   826 | D:2      | Gained mutation: You sometimes gain a little power by taking damage. [demonic ancestry]
   826 | D:2      | Reached XP level 3. HP: 3/30 MP: 4/4
   828 | D:2      | Killed from afar by a dart slug

Skill      XL: |  1  2 |
---------------+-------+-----
Fighting       | 4 |  4.2
Axes           | |  1.7
Armour         | |  1.7
Dodging        | |  0.8
Invocations    | |  2.4

Action                   || total
-------------------------++-------
Melee: Hand axe          ||    78
Invok: Depart the Abyss  ||     1
  Use: Potion            ||     4
       Scroll            ||     4
 Stab: Sleeping          ||     4
Armor: Leather armour    ||    27
Dodge: Dodged            ||    37
